Penguins vs Sabres

Created - April-26-14 at 10:51

Goals
1 2 3 T
Penguins 0 2 4 6
Sabres 2 0 1 3
Shots
1 2 3 T
Penguins 8 12 12 32
Sabres 4 2 13 19

1st period

1. Sabres , Thomas Vanek 4 (Dan Girardi, Brad Boyes) at 1:50 (PP)
2. Sabres , Thomas Vanek 5 (Matt Duchene, Josh Gorges) at 12:52 (PP)

Penalties :
Stephane Robidas (PIT) for Tripping (Minor) at 1:29, Ryan Suter (PIT) for Tripping (Minor) at 3:35, Oliver Ekman-Larsson (BUF) for High sticking (Minor) at 7:13, Barret Jackman (PIT) for Delaying the game (Minor) at 9:46, Brendan Gallagher (PIT) for Holding (Minor) at 11:51, Gabriel Landeskog (PIT) for Holding (Minor) at 15:59, Josh Gorges (BUF) for Holding (Minor) at 17:55

2nd period

3. Penguins , Brendan Gallagher 2 (Ryan Getzlaf, Kris Letang) at 3:43 (PP)
4. Penguins , Ryan Suter 2 (Kris Letang, John Tavares) at 18:48 (PP)

Penalties :
Mike Fisher (BUF) for Hooking (Minor) at 2:58, Brad Stuart (BUF) for Holding (Minor) at 11:16, Brad Stuart (BUF) for Slashing (Minor) at 17:21

3rd period

5. Penguins , Andrew Ladd 4 (Victor Hedman, John Tavares) at 7:20
6. Penguins , John Tavares 7 (Andrew Ladd, Gabriel Landeskog) at 8:34
7. Sabres , Thomas Vanek 6 (Matt Duchene) at 10:57 (PP)
8. Penguins , John Tavares 8 (Ryan Suter) at 13:09
9. Penguins , Ryan Suter 3 (Brendan Gallagher, Kris Letang) at 18:35

Penalties :
Ryan Getzlaf (PIT) for Hooking (Minor) at 10:53, Ryan Suter (PIT) for Roughing (Minor) at 15:51

Goalie Stats

Marc-Andre Fleury (PIT), 16 saves from 19 shots - (0.842), W, 8-4-1, 60:00 minutes
Ondrej Pavelec (BUF), 26 saves from 32 shots - (0.813), L, 6-2-2, 60:00 minutes

Players Stats for Penguins

Player Name              G  A  P  +/- PIM S  H  SB GA TA FO     MP     PP MP  PK MP  
------------------------------------------------------------------------------------
Alexander Steen          0  0  0   1  0   0  0  0  0  0  3/3    19:45   4:27   0:00 
Andrew Ladd              1  1  2   3  0   7  1  0  0  0  3/3    19:56   3:39   1:12 
Barret Jackman           0  0  0   0  2   0  3  1  0  0  0/0    13:50   0:00   3:21 
Brandon Saad             0  0  0   0  0   0  0  0  0  0  3/3    12:56   0:00   3:08 
Brendan Gallagher        1  1  2   1  2   3  0  1  0  0  0/0    19:44   4:27   0:00 
David Moss               0  0  0   0  0   0  3  0  0  0  0/1     8:01   0:00   5:37 
Ed Jovanovski            0  0  0   0  0   0  1  0  0  0  0/0     2:00   0:00   0:00 
Gabriel Landeskog        0  1  1   3  2   3  3  0  0  0  3/4    18:40   3:39   0:00 
John Tavares             2  2  4   3  0   5  0  0  0  0  15/29  18:44   3:39   0:00 
Kris Letang              0  3  3   2  0   3  2  0  0  0  0/0    21:41   4:13   2:40 
Matt Hunwick             0  0  0   0  0   0  0  1  0  0  0/0    12:52   0:00   0:22 
Ruslan Fedotenko         0  0  0   0  0   0  0  0  0  0  0/0     2:24   0:00   0:00 
Ryan Getzlaf             0  1  1   1  2   2  3  0  0  0  12/20  23:12   4:27   3:28 
Ryan Suter               2  1  3   2  4   5  1  1  0  0  0/0    21:47   4:13   2:48 
Stephane Robidas         0  0  0   2  2   0  3  1  0  0  0/0    23:42   3:53   4:33 
Stephen Weiss            0  0  0   0  0   1  0  1  0  0  8/23   17:25   0:00   5:13 
Victor Hedman            0  1  1   2  0   3  0  2  0  0  0/0    24:04   3:53   4:54 
Zack Smith               0  0  0   0  0   0  4  0  0  0  0/0     9:48   0:00   0:00 

Players Stats for Sabres

Player Name              G  A  P  +/- PIM S  H  SB GA TA FO     MP     PP MP  PK MP  
------------------------------------------------------------------------------------
Brad Boyes               0  1  1  -3  0   1  0  0  0  0  1/3    16:18   3:40   1:10 
Brad Stuart              0  0  0   0  4   0  3  2  0  0  0/0    17:09   0:00   0:19 
Brayden Schenn           0  0  0  -1  0   0  5  0  0  0  8/19   18:00   5:39   0:16 
Chris Stewart            0  0  0  -1  0   0  0  0  0  0  0/2    17:44   5:39   0:00 
Dan Girardi              0  1  1  -1  0   0  1  1  0  0  0/0    26:03   6:04   4:31 
Daniel Winnik            0  0  0   0  0   2  1  0  0  0  1/2    15:07   0:00   0:51 
Francois Beauchemin      0  0  0  -3  0   2  1  0  0  0  0/0    19:30   6:04   4:12 
Jason Pominville         0  0  0   0  0   2  0  0  0  0  0/1    16:25   0:00   2:09 
Joel Ward                0  0  0   0  0   1  2  0  0  0  0/0     4:43   0:00   0:00 
Johnny Oduya             0  0  0  -1  0   0  0  2  0  0  0/0    20:46   0:00   3:35 
Josh Gorges              0  1  1  -3  2   0  1  1  0  0  0/0    11:36   3:14   0:48 
Matt Duchene             0  2  2  -3  0   2  1  1  0  0  8/18   15:11   3:40   0:00 
Mike Fisher              0  0  0   0  2   1  3  0  0  0  15/28  18:30   0:00   4:15 
Oliver Ekman-Larsson     0  0  0   0  2   0  3  8  0  0  0/0    24:52   3:15   2:47 
Paul Gaustad             0  0  0   0  0   0  2  0  0  0  3/8     6:52   0:00   2:09 
Thomas Vanek             3  0  3  -3  0   5  1  0  0  0  1/1    15:11   3:40   0:00 
Tom Pyatt                0  0  0   0  0   1  0  0  0  0  0/0     4:43   0:00   0:00 
Zach Parise              0  0  0  -1  0   2  2  0  0  0  2/4    23:06   5:39   5:22 

3 Stars

1 - John Tavares (PIT)
2 - Thomas Vanek (BUF)
3 - Ryan Suter (PIT)

Power Play

Penguins - 2 on 5 Attempt(s) - 40.00%
Sabres - 3 on 7 Attempt(s) - 42.86%

Penalty Kill

Penguins - 4 on 7 Attempt(s) - 57.14% - Score 0 goal in Penalty Kill
Sabres - 3 on 5 Attempt(s) - 60.00% - Score 0 goal in Penalty Kill

Official

Referees : Wes McCauley and Stephen Walkom
Linesman : Pierre Champoux and Brad Lazarowich

Game Notes

Thomas Vanek has scored a Hat Trick!

Finance

Level 1 -- Attendance: 5859 (90.14%) -- Ticket Income $644,490
Level 2 -- Attendance: 4910 (98.20%) -- Ticket Income $392,800
Level 3 -- Attendance: 3246 (92.74%) -- Ticket Income $194,760
Level 4 -- Attendance: 2346 (87.21%) -- Ticket Income $117,300
Luxury Box -- Attendance: 929 (92.90%) -- Ticket Income $218,315
Game was played at the First Niagara Center
Total Attendance: 17290 (92.51%)
Total Ticket Income: $1,567,665
Other Income: $235,150
Total Income: $1,802,815


% Time on Ice - Penguins

Lines # - Real PCT - Wanted PCT - Time Play
Normal Forward
1 - 35% - 33% - 15:02
2 - 36% - 33% - 15:18
3 - 23% - 24% - 9:48
4 - 6% - 10% - 2:24
Normal Defense
1 - 35% - 38% - 14:45
2 - 36% - 38% - 15:17
3 - 25% - 20% - 10:30
4 - 5% - 4% - 2:00
PP Forward
1 - 45% - 55% - 3:39
2 - 55% - 45% - 4:27
PP Defense
1 - 52% - 75% - 4:13
2 - 48% - 25% - 3:53
PK Forward
1 - 66% - 60% - 6:11
2 - 34% - 40% - 3:08
PK Defense
1 - 53% - 70% - 4:54
2 - 47% - 30% - 4:25
PK3 Forward
1 - 0% - 55%
2 - 0% - 45%
PK3 Defense
1 - 0% - 55%
2 - 0% - 45%
44 Forward
1 - 100% - 55% - 0:03
2 - 0% - 45% - 0:00
44 Defense
1 - 100% - 55% - 0:03
2 - 0% - 45% - 0:00
Last Minute Offensive  - 0:00
Last Minute Defensive  - 0:00
Total
Forward - 60:00
Defense - 60:00

% Time on Ice - Sabres

Lines # - Real PCT - Wanted PCT - Time Play
Normal Forward
1 - 34% - 35% - 14:16
2 - 27% - 30% - 11:28
3 - 28% - 30% - 12:05
4 - 11% - 5% - 4:43
Normal Defense
1 - 39% - 35% - 16:26
2 - 40% - 35% - 16:52
3 - 18% - 20% - 7:34
4 - 4% - 10% - 1:40
PP Forward
1 - 39% - 60% - 3:40
2 - 61% - 40% - 5:39
PP Defense
1 - 65% - 60% - 6:04
2 - 35% - 40% - 3:15
PK Forward
1 - 73% - 60% - 5:57
2 - 27% - 40% - 2:09
PK Defense
1 - 52% - 60% - 4:12
2 - 48% - 40% - 3:54
PK3 Forward
1 - 0% - 60%
2 - 0% - 40%
PK3 Defense
1 - 0% - 60%
2 - 0% - 40%
44 Forward
1 - 100% - 60% - 0:03
2 - 0% - 40% - 0:00
44 Defense
1 - 0% - 60% - 0:00
2 - 100% - 40% - 0:03
Last Minute Offensive  - 0:00
Last Minute Defensive  - 0:00
Total
Forward - 60:00
Defense - 60:00

Play by Play

1st period


0:01 of 1st period - Mike Fisher wins face-off versus John Tavares in neutral zone.
0:55 of 1st period - Icing by Andrew Ladd.
0:56 of 1st period - Andrew Ladd wins face-off versus Brayden Schenn in Penguins zone.
1:08 of 1st period - Icing by Zach Parise.
1:09 of 1st period - Ryan Getzlaf wins face-off versus Brayden Schenn in Sabres zone.
1:29 of 1st period - Minor Penalty to Stephane Robidas for Tripping.
1:30 of 1st period - Stephen Weiss wins face-off versus Matt Duchene in Penguins zone.
1:30 of 1st period - Stephen Weiss is hit by Thomas Vanek.
1:48 of 1st period - Shot by Dan Girardi.
1:48 of 1st period - Shot Blocked by Stephen Weiss.
1:50 of 1st period - Shot by Thomas Vanek.
1:50 of 1st period - Goal by Thomas Vanek - Penguins : 0 - Sabres : 1.
1:51 of 1st period - Ryan Getzlaf wins face-off versus Paul Gaustad in neutral zone.
1:51 of 1st period - Ryan Getzlaf is hit by Paul Gaustad.
1:54 of 1st period - Matt Hunwick is hit by Joel Ward and loses puck.
1:59 of 1st period - Shot by Tom Pyatt.
1:59 of 1st period - Stopped by Marc-Andre Fleury with a rebound.
2:13 of 1st period - Shot by Paul Gaustad.
2:13 of 1st period - Deflect By Joel Ward.
2:13 of 1st period - Shot Blocked by Matt Hunwick.
2:23 of 1st period - Matt Hunwick is hit by Joel Ward and loses puck.
3:12 of 1st period - Shot by Victor Hedman.
3:12 of 1st period - Stopped by Ondrej Pavelec without a rebound.
3:13 of 1st period - Gabriel Landeskog wins face-off versus Matt Duchene in Sabres zone.
3:35 of 1st period - Minor Penalty to Ryan Suter for Tripping.
3:36 of 1st period - Brayden Schenn wins face-off versus Stephen Weiss in Penguins zone.
4:05 of 1st period - Icing by Chris Stewart.
4:06 of 1st period - Brayden Schenn wins face-off versus Stephen Weiss in Sabres zone.
4:06 of 1st period - Brayden Schenn is hit by David Moss.
4:11 of 1st period - Icing by Zach Parise.
4:12 of 1st period - Stephen Weiss wins face-off versus Brayden Schenn in Sabres zone.
4:40 of 1st period - Icing by Zach Parise.
4:41 of 1st period - Ryan Getzlaf wins face-off versus Chris Stewart in Sabres zone.
4:45 of 1st period - Ryan Getzlaf is hit by Dan Girardi and loses puck.
5:10 of 1st period - Shot by Ryan Getzlaf.
5:10 of 1st period - Shot Misses the Net.
6:12 of 1st period - Shot by Oliver Ekman-Larsson.
6:12 of 1st period - Deflect By Matt Duchene.
6:12 of 1st period - Shot Misses the Net.
6:15 of 1st period - Icing by Ed Jovanovski.
6:16 of 1st period - Mike Fisher wins face-off versus John Tavares in Penguins zone.
6:16 of 1st period - Mike Fisher is hit by Ed Jovanovski.
7:13 of 1st period - Minor Penalty to Oliver Ekman-Larsson for High sticking.
7:14 of 1st period - Brad Boyes wins face-off versus John Tavares in Sabres zone.
7:22 of 1st period - Icing by Kris Letang.
7:23 of 1st period - Mike Fisher wins face-off versus John Tavares in Penguins zone.
7:26 of 1st period - Shot by Zach Parise.
7:26 of 1st period - Shot Misses the Net.
7:30 of 1st period - Shot by Zach Parise.
7:30 of 1st period - Shot Blocked by Ryan Suter.
8:22 of 1st period - Alexander Steen is hit by Josh Gorges and loses puck.
9:08 of 1st period - Icing by Kris Letang.
9:09 of 1st period - John Tavares wins face-off versus Mike Fisher in Penguins zone.
9:46 of 1st period - Minor Penalty to Barret Jackman for Delaying the game.
9:47 of 1st period - Brayden Schenn wins face-off versus Stephen Weiss in Penguins zone.
10:28 of 1st period - Kris Letang is hit by Brayden Schenn and loses puck.
10:56 of 1st period - Off-side.
10:57 of 1st period - Matt Duchene wins face-off versus Stephen Weiss in neutral zone.
11:48 of 1st period - Shot by Zach Parise.
11:48 of 1st period - Stopped by Marc-Andre Fleury with a rebound.
11:51 of 1st period - Minor Penalty to Brendan Gallagher for Holding.
11:52 of 1st period - Brayden Schenn wins face-off versus Stephen Weiss in Penguins zone.
12:00 of 1st period - Zach Parise is hit by Stephane Robidas and loses puck.
12:52 of 1st period - Shot by Thomas Vanek.
12:52 of 1st period - Goal by Thomas Vanek - Penguins : 0 - Sabres : 2.
12:53 of 1st period - Mike Fisher wins face-off versus John Tavares in neutral zone.
13:11 of 1st period - Shot by Andrew Ladd.
13:11 of 1st period - Stopped by Ondrej Pavelec with a rebound.
13:30 of 1st period - Icing by Oliver Ekman-Larsson.
13:31 of 1st period - Alexander Steen wins face-off versus Mike Fisher in Sabres zone.
13:56 of 1st period - Kris Letang is hit by Brad Stuart and loses puck.
15:59 of 1st period - Minor Penalty to Gabriel Landeskog for Holding.
16:00 of 1st period - Andrew Ladd wins face-off versus Brayden Schenn in Penguins zone.
17:24 of 1st period - Icing by Francois Beauchemin.
17:25 of 1st period - Brayden Schenn wins face-off versus Stephen Weiss in Sabres zone.
17:29 of 1st period - Francois Beauchemin is hit by Barret Jackman and loses puck.
17:52 of 1st period - Shot by Andrew Ladd.
17:52 of 1st period - Deflect By Stephen Weiss.
17:52 of 1st period - Stopped by Ondrej Pavelec without a rebound.
17:53 of 1st period - Brandon Saad wins face-off versus Matt Duchene in Sabres zone.
17:55 of 1st period - Minor Penalty to Josh Gorges for Holding.
17:56 of 1st period - John Tavares wins face-off versus Matt Duchene in Sabres zone.
18:17 of 1st period - Shot by Brendan Gallagher.
18:17 of 1st period - Deflect By Ryan Getzlaf.
18:17 of 1st period - Shot Blocked by Oliver Ekman-Larsson.
18:19 of 1st period - Shot by Alexander Steen.
18:19 of 1st period - Deflect By Brendan Gallagher.
18:19 of 1st period - Shot Blocked by Oliver Ekman-Larsson.
18:23 of 1st period - Shot by Kris Letang.
18:23 of 1st period - Shot Misses the Net.
18:25 of 1st period - Shot by Kris Letang.
18:25 of 1st period - Stopped by Ondrej Pavelec without a rebound.
18:26 of 1st period - John Tavares wins face-off versus Paul Gaustad in Sabres zone.
18:31 of 1st period - Shot by John Tavares.
18:31 of 1st period - Stopped by Ondrej Pavelec with a rebound.
18:35 of 1st period - Shot by John Tavares.
18:35 of 1st period - Stopped by Ondrej Pavelec without a rebound.
18:36 of 1st period - Gabriel Landeskog wins face-off versus Mike Fisher in Sabres zone.
19:08 of 1st period - Shot by Victor Hedman.
19:08 of 1st period - Stopped by Ondrej Pavelec without a rebound.
19:09 of 1st period - Mike Fisher wins face-off versus Ryan Getzlaf in Sabres zone.
19:22 of 1st period - Daniel Winnik is hit by Ryan Getzlaf and loses puck.
19:45 of 1st period - Shot by Ryan Suter.
19:45 of 1st period - Stopped by Ondrej Pavelec without a rebound.
19:46 of 1st period - Gabriel Landeskog wins face-off versus Mike Fisher in Sabres zone.
19:51 of 1st period - Shot by Andrew Ladd.
19:51 of 1st period - Shot Blocked by Oliver Ekman-Larsson.
19:58 of 1st period - Icing by Stephen Weiss.
19:59 of 1st period - Stephen Weiss wins face-off versus Matt Duchene in Penguins zone.
Goals for this period are 0 for Penguins vs 2 for Sabres.
Shots for this period are 8 for Penguins vs 4 for Sabres.

2nd period


0:01 of 2nd period - Ryan Getzlaf wins face-off versus Brayden Schenn in neutral zone.
0:10 of 2nd period - Brendan Gallagher is hit by Brayden Schenn and loses puck.
1:08 of 2nd period - Matt Duchene is hit by Stephane Robidas and loses puck.
1:35 of 2nd period - Shot by Gabriel Landeskog.
1:35 of 2nd period - Shot Blocked by Josh Gorges.
2:32 of 2nd period - John Tavares is hit by Brad Stuart and loses puck.
2:58 of 2nd period - Minor Penalty to Mike Fisher for Hooking.
2:59 of 2nd period - Ryan Getzlaf wins face-off versus Brad Boyes in Sabres zone.
3:26 of 2nd period - Kris Letang is hit by Zach Parise and loses puck.
3:39 of 2nd period - Shot by Ryan Getzlaf.
3:39 of 2nd period - Shot Misses the Net.
3:41 of 2nd period - Shot by Brendan Gallagher.
3:41 of 2nd period - Shot Misses the Net.
3:43 of 2nd period - Shot by Brendan Gallagher.
3:43 of 2nd period - Goal by Brendan Gallagher - Penguins : 1 - Sabres : 2.
3:44 of 2nd period - Paul Gaustad wins face-off versus Stephen Weiss in neutral zone.
3:44 of 2nd period - Dan Girardi is hit by Zack Smith and loses puck.
4:21 of 2nd period - Shot by Tom Pyatt.
4:21 of 2nd period - Deflect By Paul Gaustad.
4:21 of 2nd period - Shot Misses the Net.
5:16 of 2nd period - Shot by Ryan Getzlaf.
5:16 of 2nd period - Stopped by Ondrej Pavelec without a rebound.
5:17 of 2nd period - Matt Duchene wins face-off versus Stephen Weiss in Sabres zone.
5:17 of 2nd period - Matt Duchene is hit by David Moss.
5:20 of 2nd period - Icing by Oliver Ekman-Larsson.
5:21 of 2nd period - Matt Duchene wins face-off versus John Tavares in Sabres zone.
5:21 of 2nd period - Matt Duchene is hit by Andrew Ladd.
5:42 of 2nd period - Thomas Vanek is hit by Stephane Robidas and loses puck.
6:41 of 2nd period - Shot by Jason Pominville.
6:41 of 2nd period - Stopped by Marc-Andre Fleury without a rebound.
6:42 of 2nd period - Stephen Weiss wins face-off versus Chris Stewart in Penguins zone.
8:01 of 2nd period - Shot by Ryan Getzlaf.
8:01 of 2nd period - Stopped by Ondrej Pavelec without a rebound.
8:02 of 2nd period - John Tavares wins face-off versus Daniel Winnik in Sabres zone.
8:03 of 2nd period - Shot by Andrew Ladd.
8:03 of 2nd period - Stopped by Ondrej Pavelec without a rebound.
8:04 of 2nd period - Mike Fisher wins face-off versus John Tavares in Sabres zone.
8:04 of 2nd period - Mike Fisher is hit by Gabriel Landeskog.
9:08 of 2nd period - Matt Duchene is hit by Kris Letang and loses puck.
9:33 of 2nd period - Shot by Alexander Steen.
9:33 of 2nd period - Shot Blocked by Brad Stuart.
9:35 of 2nd period - Shot by Brendan Gallagher.
9:35 of 2nd period - Stopped by Ondrej Pavelec without a rebound.
9:36 of 2nd period - Brandon Saad wins face-off versus Paul Gaustad in Sabres zone.
9:39 of 2nd period - Shot by Brandon Saad.
9:39 of 2nd period - Shot Misses the Net.
9:46 of 2nd period - Icing by Francois Beauchemin.
9:47 of 2nd period - Paul Gaustad wins face-off versus David Moss in Sabres zone.
9:47 of 2nd period - Paul Gaustad is hit by David Moss.
9:57 of 2nd period - Shot by Tom Pyatt.
9:57 of 2nd period - Shot Misses the Net.
10:05 of 2nd period - Shot by Stephen Weiss.
10:05 of 2nd period - Deflect By Ruslan Fedotenko.
10:05 of 2nd period - Shot Misses the Net.
10:24 of 2nd period - Barret Jackman is hit by Francois Beauchemin.
10:54 of 2nd period - Brendan Gallagher is hit by Mike Fisher and loses puck.
11:13 of 2nd period - Shot by Ryan Getzlaf.
11:13 of 2nd period - Shot Blocked by Oliver Ekman-Larsson.
11:16 of 2nd period - Minor Penalty to Brad Stuart for Holding.
11:17 of 2nd period - Zach Parise wins face-off versus John Tavares in Sabres zone.
11:17 of 2nd period - Zach Parise is hit by Gabriel Landeskog.
11:33 of 2nd period - Shot by Gabriel Landeskog.
11:33 of 2nd period - Stopped by Ondrej Pavelec with a rebound.
11:35 of 2nd period - Shot by John Tavares.
11:35 of 2nd period - Shot Misses the Net.
11:51 of 2nd period - Shot by Victor Hedman.
11:51 of 2nd period - Shot Hit the Post.
12:25 of 2nd period - Shot by Brendan Gallagher.
12:25 of 2nd period - Stopped by Ondrej Pavelec without a rebound.
12:26 of 2nd period - Ryan Getzlaf wins face-off versus Mike Fisher in Sabres zone.
12:45 of 2nd period - Shot by Ryan Suter.
12:45 of 2nd period - Stopped by Ondrej Pavelec without a rebound.
12:46 of 2nd period - John Tavares wins face-off versus Zach Parise in Sabres zone.
12:53 of 2nd period - Shot by Kris Letang.
12:53 of 2nd period - Stopped by Ondrej Pavelec without a rebound.
12:54 of 2nd period - Andrew Ladd wins face-off versus Mike Fisher in Sabres zone.
13:34 of 2nd period - Shot by Brandon Saad.
13:34 of 2nd period - Shot Blocked by Brad Stuart.
13:36 of 2nd period - Shot by Matt Hunwick.
13:36 of 2nd period - Shot Misses the Net.
14:00 of 2nd period - Icing by Matt Hunwick.
14:01 of 2nd period - Stephen Weiss wins face-off versus Paul Gaustad in Penguins zone.
14:37 of 2nd period - Johnny Oduya is hit by Zack Smith and loses puck.
14:53 of 2nd period - Icing by Johnny Oduya.
14:54 of 2nd period - Paul Gaustad wins face-off versus Ryan Getzlaf in Sabres zone.
14:59 of 2nd period - Kris Letang is hit by Paul Gaustad and loses puck.
16:06 of 2nd period - Shot by Daniel Winnik.
16:06 of 2nd period - Stopped by Marc-Andre Fleury without a rebound.
16:07 of 2nd period - Matt Duchene wins face-off versus John Tavares in Penguins zone.
16:29 of 2nd period - Andrew Ladd is hit by Oliver Ekman-Larsson and loses puck.
16:33 of 2nd period - Gabriel Landeskog is hit by Oliver Ekman-Larsson and loses puck.
16:40 of 2nd period - Shot by Victor Hedman.
16:40 of 2nd period - Shot Misses the Net.
17:20 of 2nd period - Shot by Stephen Weiss.
17:20 of 2nd period - Shot Blocked by Oliver Ekman-Larsson.
17:21 of 2nd period - Minor Penalty to Brad Stuart for Slashing.
17:22 of 2nd period - Mike Fisher wins face-off versus Ryan Getzlaf in Sabres zone.
17:33 of 2nd period - Shot by Ryan Suter.
17:33 of 2nd period - Stopped by Ondrej Pavelec without a rebound.
17:34 of 2nd period - Mike Fisher wins face-off versus Ryan Getzlaf in Sabres zone.
18:42 of 2nd period - Shot by Kris Letang.
18:42 of 2nd period - Stopped by Ondrej Pavelec without a rebound.
18:43 of 2nd period - John Tavares wins face-off versus Mike Fisher in Sabres zone.
18:48 of 2nd period - Shot by Ryan Suter.
18:48 of 2nd period - Goal by Ryan Suter - Penguins : 2 - Sabres : 2.
18:49 of 2nd period - Stephen Weiss wins face-off versus Matt Duchene in neutral zone.
19:29 of 2nd period - Matt Duchene is hit by Zack Smith and loses puck.
19:37 of 2nd period - Dan Girardi is hit by Zack Smith and loses puck.
19:41 of 2nd period - Dan Girardi is hit by Barret Jackman and loses puck.
Goals for this period are 2 for Penguins vs 0 for Sabres.
Shots for this period are 12 for Penguins vs 2 for Sabres.

3rd period


0:01 of 3rd period - Ryan Getzlaf wins face-off versus Mike Fisher in neutral zone.
0:03 of 3rd period - Off-side.
0:04 of 3rd period - Alexander Steen wins face-off versus Jason Pominville in neutral zone.
0:07 of 3rd period - Daniel Winnik is hit by Ryan Getzlaf.
0:15 of 3rd period - Ryan Getzlaf is hit by Mike Fisher and loses puck.
0:35 of 3rd period - Icing by Dan Girardi.
0:36 of 3rd period - Mike Fisher wins face-off versus John Tavares in Sabres zone.
0:36 of 3rd period - Mike Fisher is hit by Gabriel Landeskog.
1:43 of 3rd period - Icing by Ryan Suter.
1:44 of 3rd period - John Tavares wins face-off versus Matt Duchene in Penguins zone.
2:03 of 3rd period - Shot by Brad Boyes.
2:03 of 3rd period - Stopped by Marc-Andre Fleury without a rebound.
2:04 of 3rd period - Ryan Getzlaf wins face-off versus Brayden Schenn in Penguins zone.
2:06 of 3rd period - Icing by Alexander Steen.
2:07 of 3rd period - Brayden Schenn wins face-off versus Ryan Getzlaf in Penguins zone.
2:38 of 3rd period - Shot by Zach Parise.
2:38 of 3rd period - Shot Misses the Net.
2:40 of 3rd period - Shot by Zach Parise.
2:40 of 3rd period - Shot Misses the Net.
2:42 of 3rd period - Shot by Zach Parise.
2:42 of 3rd period - Shot Misses the Net.
2:44 of 3rd period - Shot by Brayden Schenn.
2:44 of 3rd period - Shot Misses the Net.
2:48 of 3rd period - Shot by Zach Parise.
2:48 of 3rd period - Deflect By Chris Stewart.
2:48 of 3rd period - Shot Misses the Net.
2:50 of 3rd period - Shot by Chris Stewart.
2:50 of 3rd period - Shot Misses the Net.
3:28 of 3rd period - Shot by Jason Pominville.
3:28 of 3rd period - Shot Misses the Net.
3:51 of 3rd period - Stephane Robidas is hit by Matt Duchene and loses puck.
4:14 of 3rd period - Shot by Thomas Vanek.
4:14 of 3rd period - Stopped by Marc-Andre Fleury without a rebound.
4:15 of 3rd period - John Tavares wins face-off versus Paul Gaustad in Penguins zone.
4:40 of 3rd period - Shot by Joel Ward.
4:40 of 3rd period - Stopped by Marc-Andre Fleury without a rebound.
4:41 of 3rd period - Stephen Weiss wins face-off versus Brayden Schenn in Penguins zone.
4:41 of 3rd period - Stephen Weiss is hit by Brayden Schenn.
5:08 of 3rd period - Shot by Matt Hunwick.
5:08 of 3rd period - Shot Blocked by Johnny Oduya.
5:38 of 3rd period - Gabriel Landeskog is hit by Brayden Schenn and loses puck.
5:55 of 3rd period - Shot by Andrew Ladd.
5:55 of 3rd period - Stopped by Ondrej Pavelec without a rebound.
5:56 of 3rd period - Daniel Winnik wins face-off versus Stephen Weiss in Sabres zone.
6:04 of 3rd period - Mike Fisher is hit by Ryan Suter and loses puck.
6:20 of 3rd period - Shot by Jason Pominville.
6:20 of 3rd period - Stopped by Marc-Andre Fleury with a rebound.
6:40 of 3rd period - Shot by Mike Fisher.
6:40 of 3rd period - Stopped by Marc-Andre Fleury with a rebound.
6:54 of 3rd period - Icing by Francois Beauchemin.
6:55 of 3rd period - John Tavares wins face-off versus Matt Duchene in Sabres zone.
6:56 of 3rd period - Shot by Andrew Ladd.
6:56 of 3rd period - Stopped by Ondrej Pavelec without a rebound.
6:57 of 3rd period - John Tavares wins face-off versus Matt Duchene in Sabres zone.
7:12 of 3rd period - Shot by Andrew Ladd.
7:12 of 3rd period - Shot Misses the Net.
7:16 of 3rd period - Shot by John Tavares.
7:16 of 3rd period - Shot Blocked by Matt Duchene.
7:20 of 3rd period - Shot by Andrew Ladd.
7:20 of 3rd period - Goal by Andrew Ladd - Penguins : 3 - Sabres : 2.
7:21 of 3rd period - Alexander Steen wins face-off versus Brayden Schenn in neutral zone.
8:22 of 3rd period - Shot by John Tavares.
8:22 of 3rd period - Stopped by Ondrej Pavelec without a rebound.
8:23 of 3rd period - John Tavares wins face-off versus Brad Boyes in Sabres zone.
8:34 of 3rd period - Shot by John Tavares.
8:34 of 3rd period - Goal by John Tavares - Penguins : 4 - Sabres : 2.
8:35 of 3rd period - Mike Fisher wins face-off versus Stephen Weiss in neutral zone.
8:39 of 3rd period - Off-side.
8:40 of 3rd period - John Tavares wins face-off versus Mike Fisher in neutral zone.
8:47 of 3rd period - Shot by Andrew Ladd.
8:47 of 3rd period - Shot Blocked by Oliver Ekman-Larsson.
8:49 of 3rd period - Shot by Gabriel Landeskog.
8:49 of 3rd period - Deflect By John Tavares.
8:49 of 3rd period - Shot Blocked by Oliver Ekman-Larsson.
8:51 of 3rd period - Shot by Gabriel Landeskog.
8:51 of 3rd period - Deflect By Andrew Ladd.
8:51 of 3rd period - Stopped by Ondrej Pavelec without a rebound.
8:52 of 3rd period - Stephen Weiss wins face-off versus Brayden Schenn in Sabres zone.
8:59 of 3rd period - Shot by Brandon Saad.
8:59 of 3rd period - Shot Misses the Net.
9:32 of 3rd period - Icing by Ryan Suter.
9:33 of 3rd period - Mike Fisher wins face-off versus Stephen Weiss in Penguins zone.
9:41 of 3rd period - Kris Letang is hit by Oliver Ekman-Larsson and loses puck.
9:58 of 3rd period - Stephane Robidas is hit by Daniel Winnik and loses puck.
10:12 of 3rd period - Brendan Gallagher is hit by Brad Stuart.
10:14 of 3rd period - Shot by Stephane Robidas.
10:14 of 3rd period - Shot Blocked by Oliver Ekman-Larsson.
10:16 of 3rd period - Shot by Victor Hedman.
10:16 of 3rd period - Stopped by Ondrej Pavelec without a rebound.
10:17 of 3rd period - Matt Duchene wins face-off versus John Tavares in Sabres zone.
10:34 of 3rd period - Shot by Brad Boyes.
10:34 of 3rd period - Shot Misses the Net.
10:36 of 3rd period - Shot by Josh Gorges.
10:36 of 3rd period - Shot Blocked by Barret Jackman.
10:42 of 3rd period - Shot by Matt Duchene.
10:42 of 3rd period - Stopped by Marc-Andre Fleury without a rebound.
10:43 of 3rd period - Ryan Getzlaf wins face-off versus Zach Parise in Penguins zone.
10:53 of 3rd period - Minor Penalty to Ryan Getzlaf for Hooking.
10:54 of 3rd period - Matt Duchene wins face-off versus Stephen Weiss in Penguins zone.
10:57 of 3rd period - Shot by Thomas Vanek.
10:57 of 3rd period - Goal by Thomas Vanek - Penguins : 4 - Sabres : 3.
10:58 of 3rd period - Mike Fisher wins face-off versus John Tavares in neutral zone.
11:03 of 3rd period - Shot by Jason Pominville.
11:03 of 3rd period - Shot Misses the Net.
11:06 of 3rd period - Icing by Gabriel Landeskog.
11:07 of 3rd period - John Tavares wins face-off versus Mike Fisher in Penguins zone.
11:07 of 3rd period - John Tavares is hit by Mike Fisher.
11:14 of 3rd period - Off-side.
11:15 of 3rd period - Mike Fisher wins face-off versus Ryan Getzlaf in neutral zone.
11:24 of 3rd period - Shot by Jason Pominville.
11:24 of 3rd period - Shot Blocked by Brendan Gallagher.
12:43 of 3rd period - Icing by Stephane Robidas.
12:44 of 3rd period - Thomas Vanek wins face-off versus Ryan Getzlaf in Penguins zone.
13:07 of 3rd period - Shot by John Tavares.
13:07 of 3rd period - Shot Misses the Net.
13:09 of 3rd period - Shot by John Tavares.
13:09 of 3rd period - Goal by John Tavares - Penguins : 5 - Sabres : 3.
13:10 of 3rd period - John Tavares wins face-off versus Mike Fisher in neutral zone.
13:19 of 3rd period - Shot by Andrew Ladd.
13:19 of 3rd period - Stopped by Ondrej Pavelec without a rebound.
13:20 of 3rd period - Zach Parise wins face-off versus John Tavares in Sabres zone.
13:29 of 3rd period - Kris Letang is hit by Brayden Schenn and loses puck.
13:56 of 3rd period - Shot by Andrew Ladd.
13:56 of 3rd period - Shot Misses the Net.
14:12 of 3rd period - Icing by Kris Letang.
14:13 of 3rd period - Mike Fisher wins face-off versus Gabriel Landeskog in Penguins zone.
14:14 of 3rd period - Shot by Daniel Winnik.
14:14 of 3rd period - Stopped by Marc-Andre Fleury without a rebound.
14:15 of 3rd period - Brandon Saad wins face-off versus Mike Fisher in Penguins zone.
15:05 of 3rd period - Icing by Jason Pominville.
15:06 of 3rd period - John Tavares wins face-off versus Mike Fisher in Sabres zone.
15:09 of 3rd period - Shot by Gabriel Landeskog.
15:09 of 3rd period - Stopped by Ondrej Pavelec with a rebound.
15:28 of 3rd period - Icing by Oliver Ekman-Larsson.
15:29 of 3rd period - Ryan Getzlaf wins face-off versus Matt Duchene in Sabres zone.
15:44 of 3rd period - Shot by Brendan Gallagher.
15:44 of 3rd period - Shot Misses the Net.
15:51 of 3rd period - Minor Penalty to Ryan Suter for Roughing.
15:52 of 3rd period - Brayden Schenn wins face-off versus Stephen Weiss in Penguins zone.
16:08 of 3rd period - Shot by Francois Beauchemin.
16:08 of 3rd period - Stopped by Marc-Andre Fleury with a rebound.
16:10 of 3rd period - Shot by Francois Beauchemin.
16:10 of 3rd period - Shot Blocked by Stephane Robidas.
16:12 of 3rd period - Shot by Zach Parise.
16:12 of 3rd period - Stopped by Marc-Andre Fleury without a rebound.
16:13 of 3rd period - Matt Duchene wins face-off versus Stephen Weiss in Penguins zone.
16:13 of 3rd period - Matt Duchene is hit by Barret Jackman.
16:49 of 3rd period - Shot by Matt Duchene.
16:49 of 3rd period - Stopped by Marc-Andre Fleury without a rebound.
16:50 of 3rd period - Brayden Schenn wins face-off versus Stephen Weiss in Penguins zone.
17:11 of 3rd period - Shot by Francois Beauchemin.
17:11 of 3rd period - Stopped by Marc-Andre Fleury without a rebound.
17:12 of 3rd period - Matt Duchene wins face-off versus Ryan Getzlaf in Penguins zone.
17:38 of 3rd period - Shot by Thomas Vanek.
17:38 of 3rd period - Shot Misses the Net.
17:53 of 3rd period - Andrew Ladd is hit by Zach Parise.
17:55 of 3rd period - Shot by John Tavares.
17:55 of 3rd period - Shot Blocked by Dan Girardi.
17:57 of 3rd period - Shot by Andrew Ladd.
17:57 of 3rd period - Deflect By Gabriel Landeskog.
17:57 of 3rd period - Stopped by Ondrej Pavelec without a rebound.
17:58 of 3rd period - Ryan Getzlaf wins face-off versus Brayden Schenn in Sabres zone.
18:33 of 3rd period - Shot by Brendan Gallagher.
18:33 of 3rd period - Shot Blocked by Johnny Oduya.
18:35 of 3rd period - Shot by Ryan Suter.
18:35 of 3rd period - Goal by Ryan Suter - Penguins : 6 - Sabres : 3.
18:36 of 3rd period - Mike Fisher wins face-off versus John Tavares in neutral zone.
18:39 of 3rd period - Shot by Oliver Ekman-Larsson.
18:39 of 3rd period - Shot Misses the Net.
18:41 of 3rd period - Shot by Oliver Ekman-Larsson.
18:41 of 3rd period - Shot Misses the Net.
18:45 of 3rd period - Shot by Oliver Ekman-Larsson.
18:45 of 3rd period - Shot Blocked by Victor Hedman.
19:21 of 3rd period - Shot by Mike Fisher.
19:21 of 3rd period - Shot Blocked by Victor Hedman.
19:35 of 3rd period - Shot by Thomas Vanek.
19:35 of 3rd period - Stopped by Marc-Andre Fleury without a rebound.
19:36 of 3rd period - Ryan Getzlaf wins face-off versus Brayden Schenn in Penguins zone.
19:55 of 3rd period - Zach Parise is hit by Ryan Getzlaf and loses puck.
19:59 of 3rd period - Dan Girardi is hit by Kris Letang and loses puck.
Goals for this period are 4 for Penguins vs 1 for Sabres.
Shots for this period are 12 for Penguins vs 13 for Sabres.


Output by the SimonT Hockey Simulator (STHS) for Stephane Roy -- Original Page W3C XHTML 1.0 Valid
Hockey Simulator - Hockey Simulation - Hockey Manager